 Dungeon Crawl Stone Soup version 0.24-a0-584-g9d6b971ae4 (webtiles) character file.

Game seed: 2629600492360926436, levelgen mode: deterministic

550 Eightlegvermin the Changer (level 7, -1/43 HPs)
             Began as an Octopode Transmuter on Aug 31, 2019.
             Killed from afar by an orc wizard (10 damage)
             ... with a magic dart
             ... on level 4 of the Dungeon.
             The game lasted 00:23:03 (4391 turns).

Eightlegvermin the Changer (Octopode Transmuter)    Turns: 4391, Time: 00:23:03

Health: -1/43      AC:  2    Str:  9    XL:     7   Next: 29%
Magic:  8/10       EV: 19    Int: 15    God:
Gold:   193        SH:  0    Dex: 20    Spells: 4/10 levels left

rFire    . . .     SeeInvis .     - Unarmed
rCold    . . .     Gourm    .   (shield currently unavailable)
rNeg     . . .     Faith    .   (helmet currently unavailable)
rPois    x         Spirit   .   (no amulet)
rElec    .         Reflect  .   (no ring)
rCorr    .         Harm     .   (no ring)
MR       .....                  (no ring)
Stlth    ++........             (no ring)
HPRegen  0.14/turn              (no ring)
MPRegen  0.12/turn              (no ring)
                                (no ring)
                                (no ring)

@: spider-form, drained
A: tiny, almost no armour, stealthy swim, (amphibious), 8 rings, (constrict 8)
a: End Transformation


You were on level 4 of the Dungeon.
You were very hungry.
You were a venomous arachnid creature.
You visited 1 branch of the dungeon, and saw 4 of its levels.

You collected 193 gold pieces.

Inventory:

Hand Weapons
 l - a +2 short sword of venom
Missiles
 a - 27 arrows
 m - 5 atropa-tipped darts (quivered)
 q - 3 boomerangs
Wands
 t - a wand of acid (9)
Scrolls
 f - 2 scrolls of immolation
 i - a scroll of fog {unknown}
 n - a scroll of fear
 o - a scroll of teleportation
 r - a scroll of blinking
 s - a scroll of enchant armour
Potions
 b - 2 potions of degeneration {unknown}
 d - a potion of haste
 e - 3 potions of flight
 g - a potion of curing
 h - a potion of berserk rage
 j - a potion of might
 k - a potion of mutation {unknown}
 p - a potion of lignification {unknown}
 u - a potion of agility {unknown}
Comestibles
 c - 5 rations


   Skills:
 - Level 1.0(0.3) Fighting
 - Level 2.0(1.2) Dodging
 - Level 3.0(2.3) Stealth
 + Level 5.0(4.2) Unarmed Combat
 - Level 2.2(1.5) Spellcasting
 * Level 5.4(4.6) Transmutations
 - Level 3.0(2.2) Poison Magic


You had 4 spell levels left.
You knew the following spells:

 Your Spells              Type           Power        Failure   Level  Hunger
a - Beastly Appendage     Tmut           ###...       12%         1    ##.....
b - Sticks to Snakes      Tmut           ###.....     16%         2    ###....
c - Spider Form           Tmut/Pois      ##........   36%         3    ####...

Your spell library contained the following spells:

 Spells                   Type           Power        Failure   Level  Hunger
 Ice Form                 Ice/Tmut       #.......     83%         4    #####..
 Blade Hands              Tmut           ###.......   85%         5    ######.


Dungeon Overview and Level Annotations

Branches:
Dungeon (4/15)
 Temple: D:4-7

Altars:
Ru

Annotations:
D:3 exclusion: moth of wrath
D:4 Blork the orc


Innate Abilities, Weirdness & Mutations

You cannot wear most types of armour.
You are very stealthy in the water. (Stealth+)
((You are amphibious.))
You can wear up to eight rings at the same time.
((You can use your tentacles to constrict eight enemies at once.))
((Your skin changes colour to match your surroundings (Stealth+).))
((Your rubbery body absorbs attacks. (AC +1, EV +1)))


Message History

The orc priest mumbles some strange prayers to Beogh against you.
Beogh smites you!
Items here: )) [ † a +0 mace; a +0 dagger; a +0 robe; an orc corpse The orc priest closely misses you.
You hit the orc priest.
The orc priest is poisoned.
The orc priest is moderately wounded.
The orc priest closely misses you.
You hit the orc priest.
The orc priest looks as sick as possible!
The orc priest is heavily wounded.
The orc priest calls down the wrath of Beogh upon you.
Beogh smites you!
* * * LOW HITPOINT WARNING * * *
The orc priest miscasts a cantrip.
Items here: )) [ † a +0 mace; a +0 dagger; a +0 robe; an orc corpse The orc wizard gestures at you while chanting.
The magic dart hits you!
You die...

############ #...........
######################.##########
...[...........)s....[..........>
#######.##.###o#######.#######.#.
#.....#.o.######.........#.
#.....'........############
......(.....#...####.#
.############...# #.# .#.. #...#
#.# .#.##### #..## #.# .#.##..
#..# #.#


You could see an orc wizard.

Vanquished Creatures
  Sigmund (D:2)
  A hound (D:4)
  2 orc wizards
  Ijyb (D:4)
  2 iguanas
  A worker ant (D:4)
  5 gnolls
  4 adders
  4 oozes
  3 worms
  4 leopard geckos
  12 orcs
  2 ball pythons
  11 bats
  4 giant cockroaches
  5 goblins
  5 hobgoblins
  2 jackals (D:1)
  4 quokkas
  3 frilled lizards
  9 kobolds
  4 rats
89 creatures vanquished.

Notes
Turn   | Place    | Note
-------+----------+-------------------------------------------
     0 | D:1      | Eightlegvermin the Octopode Transmuter began the quest for
                  | the Orb.
     0 | D:1      | Reached XP level 1. HP: 13/13 MP: 3/3
   246 | D:1      | Reached XP level 2. HP: 18/18 MP: 5/5
   320 | D:1      | Reached skill level 1 in Stealth
   356 | D:1      | Reached XP level 3. HP: 23/23 MP: 4/6
  1137 | D:2      | Reached XP level 4. HP: 19/28 MP: 5/7
  1573 | D:2      | Found a sacrificial altar of Ru.
  1597 | D:2      | Noticed Sigmund
  1602 | D:2      | Learned a level 2 spell: Sticks to Snakes
  1606 | D:2      | Learned a level 3 spell: Spider Form
  1618 | D:2      | Killed Sigmund
  1618 | D:2      | Reached XP level 5. HP: 8/33 MP: 5/8
  2127 | D:2      | Reached XP level 6. HP: 38/38 MP: 7/9
  3215 | D:3      | Noticed a moth of wrath
  3632 | D:4      | Reached skill level 5 in Transmutations
  3632 | D:4      | Reached XP level 7. HP: 22/43 MP: 8/10
  3780 | D:4      | Noticed Blork the orc
  4006 | D:4      | Noticed Ijyb
  4028 | D:4      | Killed Ijyb
  4384 | D:4      | Reached skill level 5 in Unarmed Combat
  4391 | D:4      | Killed from afar by an orc wizard

Levels and vault maps discovered:
D:1:      tarquinn_simple_flora_water_b, layout_basic
D:2:      minmay_evil_eye, layout_loops_ring, overflow_temple_1_default,
          minmay_tromino_v4_c, uniq_sigmund
D:3:      layout_rooms, tgw_trog
D:4:      layout_basic, gammafunk_temple_overflow_statue, nrook_campfire,
          uniq_blork_the_orc, uniq_ijyb

Skill      XL: |  1  2  3  4  5  6  7 |
---------------+----------------------+-----
Stealth        | 1 3 |  3.0
Unarmed Combat | 4 5 |  5.0
Transmutations | 3 5 |  5.4
Poison Magic   | 2 3 |  3.0
Fighting       | |  1.0
Dodging        | |  2.0
Spellcasting   | |  2.2

Action                   |  1- 3 |  4- 6 |  7- 9 || total
-------------------------+-------+-------+-------++-------
Melee: Unarmed           |    62 |   110 |    34 ||   206
       Constrict         |    24 |    29 |     5 ||    58
       Tentacles         |    11 |    18 |     4 ||    33
       Kick              |    14 |    31 |     3 ||    48
       Punch             |     1 |     2 |       ||     3
 Cast: Beastly Appendage |    12 |    20 |     2 ||    34
       Spider Form       |       |     3 |     2 ||     5
  Use: Scroll            |       |     9 |       ||     9
       Potion            |       |       |     1 ||     1
 Stab: Sleeping          |     8 |     5 |       ||    13
       Distracted        |       |     1 |       ||     1
  Eat: Chunk             |       |     9 |     2 ||    11
Armor: Skin              |    10 |     6 |     1 ||    17
Dodge: Dodged            |    38 |    57 |    24 ||   119

Table legend:
 A = Non-vault XP
 B = Vault XP
 C = Vault XP percentage of total XP
 D = Non-vault monster count
 E = Vault monster count
 F = Vault count percentage of total count
                 A         B        C        D         E       F
            +---------+---------+-------+---------+---------+-------
      Total |     498 |     288 |  36.6 |      79 |      10 |  11.2
            +---------+---------+-------+---------+---------+-------
        D:1 |      59 |       0 |   0.0 |      23 |       0 |   0.0
        D:2 |     116 |     245 |  67.9 |      17 |       8 |  32.0
        D:3 |     136 |       5 |   3.5 |      29 |       1 |   3.3
        D:4 |     187 |      38 |  16.9 |      10 |       1 |   9.1
            +---------+---------+-------+---------+---------+-------
